 Dungeon Crawl Stone Soup version 0.23.2-40-g277498a001 (webtiles) character file.

Game seed: 10821224035601983006

3110 Hylith the Fighter (level 9, -9/75 HPs)
             Began as a Demonspawn Wanderer on Sept 25, 2019.
             Was an Initiate of Makhleb.
             Mangled by a two-headed ogre
             ... wielding a cursed -3 giant spiked club
              (13 damage)
             ... on level 7 of the Dungeon.
             The game lasted 00:15:52 (5681 turns).

Hylith the Fighter (Demonspawn Wanderer)            Turns: 5681, Time: 00:15:52

Health: -9/75      AC: 23    Str: 17    XL:     9   Next: 60%
Magic:  10/10      EV:  5    Int: 14    God:    Makhleb [......]
Gold:   405        SH:  0    Dex: 11    Spells: 10/10 levels left

rFire    . . .     SeeInvis .   E - +2 whip (venom)
rCold    . . .     Gourm    .   (no shield)
rNeg     + . .     Faith    .   F - +0 plate armour
rPois    .         Spirit   .   x - +2 helmet
rElec    .         Reflect  .   (no cloak)
rCorr    .         Harm     .   (no gloves)
MR       .....                  (no boots)
Stlth    ..........             t - amulet of rage
HPRegen  0.22/turn              h - +3 ring of protection
MPRegen  0.12/turn              C - ring of positive energy

@: sanguine armour
A: talons 1, demonic guardian 1, powered by pain 2, sanguine armour 1
a: Renounce Religion, Evoke Berserk Rage


You were on level 7 of the Dungeon.
You worshipped Makhleb.
Makhleb was noncommittal.
You were not hungry.

You visited 2 branches of the dungeon, and saw 8 of its levels.

You collected 405 gold pieces.

Inventory:

Hand Weapons
 a - a +3 spear
 i - a +3 whip
 E - a +2 whip of venom (weapon)
Armour
 g - a +0 shield
 x - a +2 helmet (worn)
 F - a +0 plate armour (worn)
Jewellery
 h - a +3 ring of protection (left hand)
 n - an uncursed ring of resist corrosion
 s - an uncursed ring of ice
 t - an amulet of rage (around neck)
 v - an uncursed ring of poison resistance
 C - a ring of positive energy (right hand)
Wands
 p - a wand of flame (17)
 A - a wand of random effects (12)
Scrolls
 b - 2 scrolls of teleportation
 j - 2 scrolls of enchant weapon
 m - a scroll of magic mapping {unknown}
 o - a scroll of fog
 q - 5 scrolls of identify
 w - 2 scrolls of fear
 y - 2 scrolls of remove curse
Potions
 c - 3 potions of curing
 e - a potion of brilliance {unknown}
 k - a potion of heal wounds
 l - 2 potions of flight
 z - 2 potions of might {unknown}
 B - 2 potions of agility {unknown}
 D - a potion of haste {unknown}
Comestibles
 f - 9 rations
 u - 3 chunks of flesh


   Skills:
 + Level 8.7 Fighting
 + Level 8.7 Maces & Flails
 - Level 2.0 Polearms
 + Level 2.2 Armour
 - Level 1.0 Dodging
 - Level 1.0 Stealth
 + Level 2.6 Shields
 - Level 1.0 Spellcasting
   Level 1.7 Air Magic
 - Level 1.0 Evocations


You had 10 spell levels left.
You didn't know any spells.
Your spell library was empty.

Dungeon Overview and Level Annotations

Branches:
Dungeon (7/15)             Temple (1/1) D:6

Altars:
Cheibriados
Dithmenos
Elyvilon
Fedhas
Gozag
Makhleb
Nemelex Xobeh
Okawaru
Qazlal
Sif Muna
Trog
Uskayaw
Vehumet
Xom
Yredelemnul

Annotations:
D:6 1 runed translucent door, Exodus22XD's ghost, novice DEWz


Innate Abilities, Weirdness & Mutations

You have sharp toenails.
A weak demonic guardian rushes to your aid.
You sometimes gain power by taking damage.
When seriously injured, your bleeding wounds create armour. (AC +6)


Message History

Makhleb accepts your kill.
The two-headed ogre hits you but does no damage. x2
Something hits you but does no damage.
You hit the hound.
The hound is poisoned.
The hound is lightly wounded.
The hound bites you but does no damage.
The hobgoblin hits you but does no damage.
The hobgoblin barely misses you.
Your iron imp closely misses the big kobold.
As you read the scroll labeled LUGGIAC KEYLYA, it crumbles to dust.
The creatures around you are filled with an inner flame!
It was a scroll of immolation.
The hound bites you.
* * * LOW HITPOINT WARNING * * *
You hear some strange, mumbled words.
A puff of flame appears from out of thin air!
The puff of flame hits you but does no damage.
The two-headed ogre hits you with a cursed -3 giant spiked club!
* * * LOW HITPOINT WARNING * * *
The two-headed ogre hits you with a +0 giant spiked club!
You die...

#####'##..#####
###...##..##..#....g#
..............#.....#
..............#.....#
..............#.....#
####+####.##..#.....#
..#...###.##..#g..K#
..#...........#gh{g#
..#...........#)@g.#
..#....########OKK.##+#
..######......)(.5.....#
..............(........#
.............รท.####....#
##.............# ....#
.#.............# ...#
.#...(.........# ...#
.#......######## ..#


You could see a two-headed ogre (inner flame), a big kobold (inner flame), a
hound (inner flame), 2 gnolls, 3 hobgoblins, 2 kobolds and a friendly iron imp.

Vanquished Creatures
  A two-headed ogre (D:5)
  Prince Ribbit (D:5)
  Edmund (D:6)
  An orc warrior (D:6)
  A hornet zombie (D:5)
  A phantom (D:6)
  A sky beast (D:5)
  A black bear (D:6)
  4 ogres
  3 centaurs
  Blork the orc (D:5)
  A bullfrog (D:7)
  Dowan (D:4)
  2 crimson imps
  A centaur zombie (D:6)
  2 hounds (D:7)
  Crazy Yiuf (D:2)
  A centaur skeleton (D:6)
  3 orc priests
  4 orc wizards
  An iguana (D:5)
  4 worker ants
  2 hound zombies
  A howler monkey zombie (D:5)
  2 worker ant zombies
  6 adders
  4 gnolls
  A shadow imp (D:5)
  An adder skeleton (D:4)
  A worm (D:3)
  2 dart slugs
  3 leopard geckos
  18 orcs
  2 ball pythons
  8 giant cockroaches
  7 goblins
  8 hobgoblins
  10 jackals
  2 quokkas
  7 bats
  6 frilled lizards
  9 kobolds
  9 rats
146 creatures vanquished.

Vanquished Creatures (collateral kills)
  Menkaure (D:5)
  Duvessa (D:4)
  2 ogres (D:5)
  A hound (D:7)
  An orc wizard (D:4)
  An adder (D:5)
  An orc (D:4)
  A hobgoblin (D:7)
  2 kobolds (D:7)
11 creatures vanquished.

Vanquished Creatures (others)
  A bat (D:2)
1 creature vanquished.

Grand Total: 158 creatures vanquished

Notes
Turn   | Place    | Note
-------+----------+-------------------------------------------
     0 | D:1      | Hylith the Demonspawn Wanderer began the quest for the Orb.
     0 | D:1      | Hylith set off with the following items: a +2 spear, a
                  | scroll of teleportation, a potion of curing, a +0 robe, a
                  | ration
     0 | D:1      | Reached XP level 1. HP: 15/15 MP: 2/2
   267 | D:1      | Gained mutation: When seriously injured, your bleeding
                  | wounds create armour. (AC +6) [demonic ancestry]
   267 | D:1      | Reached XP level 2. HP: 22/22 MP: 3/3
   852 | D:2      | Reached XP level 3. HP: 28/28 MP: 4/4
  1050 | D:2      | Found a runed translucent door.
  1052 | D:2      | Noticed Crazy Yiuf
  1120 | D:2      | Found a deep blue altar of Sif Muna.
  1197 | D:2      | Killed Crazy Yiuf
  1463 | D:3      | Gained mutation: You have sharp toenails. [demonic
                  | ancestry]
  1463 | D:3      | Reached XP level 4. HP: 37/37 MP: 5/5
  2020 | D:3      | Reached skill level 5 in Fighting
  2020 | D:3      | Gained mutation: You sometimes gain a little power by
                  | taking damage. [demonic ancestry]
  2020 | D:3      | Reached XP level 5. HP: 39/44 MP: 6/6
  2472 | D:4      | Noticed an ogre
  2482 | D:4      | Killed an ogre
  2556 | D:4      | Gained mutation: A weak demonic guardian rushes to your
                  | aid. [demonic ancestry]
  2556 | D:4      | Reached XP level 6. HP: 33/51 MP: 7/7
  2651 | D:4      | Noticed Duvessa
  2651 | D:4      | Noticed Dowan
  2669 | D:4      | Killed Duvessa
  2670 | D:4      | HP: 1/51 [Dowan/shard of ice (13)]
  3078 | D:4      | Killed Dowan
  3302 | D:5      | Entered Level 5 of the Dungeon
  3302 | D:5      | Noticed Blork the orc
  3303 | D:5      | Noticed a two-headed ogre
  3309 | D:5      | Killed Blork the orc
  3309 | D:5      | Gained mutation: You sometimes gain power by taking damage.
                  | [demonic ancestry]
  3309 | D:5      | Reached XP level 7. HP: 28/57 MP: 8/8
  3318 | D:5      | Killed a two-headed ogre
  3318 | D:5      | Reached skill level 5 in Maces & Flails
  3318 | D:5      | Reached XP level 8. HP: 21/65 MP: 9/9
  3830 | D:5      | Noticed Prince Ribbit
  3885 | D:5      | Killed Prince Ribbit
  4329 | D:5      | Noticed Menkaure
  4338 | D:5      | Killed Menkaure
  4372 | D:5      | Reached XP level 9. HP: 52/74 MP: 10/10
  4645 | D:6      | Noticed Edmund
  4708 | D:6      | Killed Edmund
  4840 | D:6      | Found a staircase to the Ecumenical Temple.
  4870 | Temple   | Entered the Ecumenical Temple
  4905 | D:6      | Reached skill level 1 in Armour
  5035 | Temple   | Became a worshipper of Makhleb the Destroyer
  5205 | D:6      | Found a runed translucent door.
  5207 | D:6      | Noticed Exodus22XD's ghost (novice DEWz)
  5354 | D:6      | Found a hide-covered altar of Uskayaw.
  5665 | D:7      | Noticed a two-headed ogre
  5681 | D:7      | Mangled by a two-headed ogre

Skill      XL: |  1  2  3  4  5  6  7  8  9 |
---------------+----------------------------+-----
Polearms       | 2 |  2.0
Fighting       | 2 3 5 6 7 8 |  8.7
Maces & Flails | 2 3 5 7 8 |  8.7
Armour         | 2 |  2.2
Shields        | 2 |  2.6
Dodging        | |  1.0
Stealth        | |  1.0
Spellcasting   | |  1.0
Air Magic      | |  1.7
Evocations     | |  1.0

Action                   |  1- 3 |  4- 6 |  7- 9 || total
-------------------------+-------+-------+-------++-------
Melee: Spear             |   120 |   120 |       ||   240
       Kick              |       |    47 |    92 ||   139
       Whip              |       |    95 |   334 ||   429
 Abil: Evoke Berserk Rag |       |       |     1 ||     1
  Use: Scroll            |       |     8 |     1 ||     9
 Stab: Sleeping          |     5 |       |       ||     5
       Distracted        |       |     1 |     1 ||     2
  Eat: Chunk             |     2 |     6 |     9 ||    17
Armor: Robe              |    31 |       |       ||    31
       Scale mail        |       |    42 |       ||    42
       Chain mail        |       |    54 |   160 ||   214
       Plate armour      |       |       |    80 ||    80
Dodge: Dodged            |    48 |    59 |    89 ||   196
